 Dungeon Crawl Stone Soup version 0.17.0-28-g6e173f8 (webtiles) character file.

103 Ijustatesigmund the Magician (level 4, -2/24 HPs)
             Began as a Deep Elf Wizard on Dec 3, 2015.
             Slain by a river rat (9 damage)
             ... in a sewer.
             The game lasted 00:08:26 (2107 turns).

Ijustatesigmund the Magician (Deep Elf Wizard)      Turns: 2107, Time: 00:08:26

Health: -2/24      AC:  5    Str:  9    XL:     4   Next: 51%
Magic:  2/13       EV: 13    Int: 24    God:
Gold:   105        SH:  0    Dex: 13    Spells: 3 memorised, 8 levels left

rFire  . . .     SeeInvis .     e - +1 spear
rCold  . . .     Clarity  .     a - +0 robe
rNeg   . . .     SustAt   .     (no shield)
rPois  .         Gourm    .     j - +0 helmet
rElec  .         Spirit   .     g - +1 cloak
rCorr  .         Warding  .     (no gloves)
rMut   .         Stasis   .     (no boots)
MR     .....                    (no amulet)
Stlth  ++........               (no ring)
                                (no ring)

@: mighty, not resistant to hostile enchantments, unstealthy
A: no striking features
a: no special abilities


You were in a sewer.
You were hungry.

You visited 1 branch of the dungeon, and saw 3 of its levels.
You also visited: Sewer.

You collected 105 gold pieces.

Inventory:

Hand Weapons
 e - a +1 spear (weapon)
 o - a +0 flail of holy wrath
Armour
 a - a +0 robe (worn)
 g - a +1 cloak (worn)
 j - a +0 helmet (worn)
Jewellery
 i - an uncursed ring of ice {unknown}
Scrolls
 m - 4 scrolls of remove curse
 p - a scroll of enchant weapon
Potions
 f - a potion of flight
 h - a potion of ambrosia
Books
 c - a book of Minor Magic

   Spells                             Type                      Level
   a - Magic Dart                     Conjuration                  1
   b - Blink                          Translocation                2
   c - Call Imp                       Summoning                    2
   d - Repel Missiles                 Charms/Air                   2
   e - Slow                           Hexes                        2
   f - Conjure Flame                  Conjuration/Fire             3
   g - Mephitic Cloud                 Conjuration/Poison/Air       3
Comestibles
 b - a meat ration
 d - 3 bread rations
 k - a beef jerky
 l - 3 slices of pizza


   Skills:
 + Level 3.8 Dodging
 - Level 3.0 Stealth
 + Level 5.2 Spellcasting
 + Level 2.9 Conjurations
   Level 1.1 Summonings
 - Level 1.1 Translocations


You had 8 spell levels left.
You knew the following spells:

 Your Spells              Type           Power        Failure   Level  Hunger
a - Magic Dart            Conj           ###.         2%          1    None
b - Blink                 Tloc           N/A          12%         2    None
c - Repel Missiles        Chrm/Air       #.....       14%         2    None


Dungeon Overview and Level Annotations

Branches:
Dungeon (3/15)

Altars:
Elyvilon
Fedhas
Xom

Annotations:
D:2 Robin


Message History

Read which item? (? for menu, Esc to quit)
Identify which item? (\ to view known items) (? for menu, Esc to quit)
As you read the scroll of identify, it crumbles to dust.
f - a potion of flight The rat twitches its whiskers.
The rat barely misses you.
There is a gate leading back out of this place here.
You closely miss the rat. The rat closely misses you.
You hit the rat but do no damage. The rat bites you but does no damage.
The river rat twitches its whiskers.
The river rat barely misses you.
You hit the rat.
You kill the rat!
The river rat bites you!
* * * LOW HITPOINT WARNING * * *
Drink which item? (? for menu, Esc to quit)
It was a potion of might.
You feel very mighty all of a sudden. The rat closely misses you.
The river rat bites you!
You die... ############### #...r@rr......≈ ###############

You could see 2 river rats and a rat.

Vanquished Creatures
  2 adders (D:3)
  An ooze (D:3)
  3 worms
  3 giant geckos
  7 orcs
  3 bats
  8 hobgoblins
  3 kobolds (D:1)
  6 giant cockroaches
  3 giant newts (D:1)
  15 goblins
  7 rats
61 creatures vanquished.

Notes
Turn   | Place    | Note
--------------------------------------------------------------
     0 | D:1      | Ijustatesigmund the Deep Elf Wizard began the quest for the Orb.
     0 | D:1      | Reached XP level 1. HP: 10/10 MP: 7/7
   275 | D:1      | Reached XP level 2. HP: 15/15 MP: 6/9
   279 | D:1      | Learned a level 2 spell: Blink
   282 | D:1      | Learned a level 2 spell: Repel Missiles
   577 | D:1      | Found a shimmering altar of Xom.
  1277 | D:1      | Reached XP level 3. HP: 19/19 MP: 8/11
  1362 | D:2      | Found a blossoming altar of Fedhas.
  1642 | D:2      | Reached skill level 5 in Spellcasting
  1646 | D:2      | Noticed Robin
  1757 | D:3      | Found a white marble altar of Elyvilon.
  1794 | D:3      | Reached XP level 4. HP: 13/24 MP: 0/13
  2075 | D:3      | Found a glowing drain.
  2100 | Sewer    | Entered a sewer
  2107 | Sewer    | Slain by a river rat

Action                   |  1- 3 |  4- 6 || total
-------------------------+-------+-------++-------
Melee: Spear             |    10 |     3 ||    13
 Cast: Magic Dart        |   121 |    28 ||   149
       Repel Missiles    |     1 |       ||     1
  Use: Scroll            |     7 |     1 ||     8
       Potion            |       |     1 ||     1
  Eat: Chunk             |     2 |     1 ||     3
